 Dungeon Crawl Stone Soup version 0.25.1-2-g60ff931df9 (webtiles) character file.

Game seed: 1770881670025285133

4634 hawla the Cleaver (level 10, 0/86 HPs)
             Began as a Minotaur Fighter on Oct 19, 2020.
             Was an Initiate of Gozag.
             Slain by a shadow (23 damage)
             ... on level 11 of the Dungeon.
             The game lasted 00:21:33 (7858 turns).

hawla the Cleaver (Minotaur Fighter)                Turns: 7858, Time: 00:21:33

Health: 0/86       AC: 18    Str: 23    XL:     10   Next: 20%
Magic:  3/3        EV: 14    Int:  5    God:    Gozag
Gold:   484        SH:  5    Dex: 11    Spells: 9/9 levels left

rFire    . . .     SeeInvis .   K - +1 battleaxe (antimagic)
rCold    . . .     Gourm    .   (shield currently unavailable)
rNeg     + . .     Faith    .   i - +0 plate armour
rPois    .         Spirit   .   (helmet restricted)
rElec    .         Reflect  +   h - +0 cloak
rCorr    .         Harm     .   x - +1 pair of gloves {archery}
MR       .....                  l - +0 pair of boots
Stlth    ..........             q - amulet of reflection
HPRegen  0.24/turn              w - +4 ring of evasion
MPRegen  0.08/turn              e - ring of positive energy

@: gold aura
A: retaliatory headbutt, horns 2
a: Potion Petition, Call Merchant, Bribe Branch, Renounce Religion


You were on level 11 of the Dungeon.
You worshipped Gozag.
Gozag was aware of your devotion.
You were not hungry.

You visited 2 branches of the dungeon, and saw 10 of its levels.

You collected 701 gold pieces.
You spent 131 gold pieces at shops.
You paid 86 gold pieces to Gozag.

Inventory:

Hand Weapons
 u - a +0 quarterstaff
 C - a +4 mace
 K - a +1 antimagic battleaxe (weapon)
Missiles
 k - 85 poisoned darts
 E - 3 boomerangs (quivered)
Armour
 h - a +0 cloak (worn)
 i - a +0 plate armour (worn)
 l - a +0 pair of boots (worn)
 x - a +1 pair of gloves of archery (worn)
 L - the +3 robe of Fortification {rPois Slay+5}
   (You bought it in a shop on level 4 of the Dungeon)

   It affects your accuracy and damage with ranged weapons and melee attacks
   (+5).
   It protects you from poison.
Jewellery
 c - an uncursed ring of flight
 e - a ring of positive energy (right hand)
 g - an uncursed ring of stealth
 j - an uncursed amulet of regeneration
 q - an amulet of reflection (around neck)
 w - a +4 ring of evasion (left hand)
 D - an uncursed ring of protection from cold
 G - an uncursed ring of wizardry {unknown}
Wands
 n - a wand of iceblast (13)
 s - a wand of paralysis (11)
 v - a wand of flame (10)
Scrolls
 o - a scroll of magic mapping
 p - 4 scrolls of teleportation
 r - a scroll of enchant armour
 y - 2 scrolls of identify
 H - 2 scrolls of enchant weapon
 J - 2 scrolls of remove curse
Potions
 a - a potion of ambrosia {unknown}
 b - 2 potions of mutation
 d - 2 potions of might
 m - 3 potions of haste
 t - a potion of cancellation
 z - a potion of resistance {unknown}
 A - a potion of degeneration {unknown}
 F - 2 potions of flight
 I - a potion of heal wounds
Comestibles
 f - 9 rations


   Skills:
 + Level 7.5 Fighting
 + Level 10.5(10.8) Axes
 + Level 3.9(8.2) Maces & Flails
 + Level 3.5(4.4) Staves
 + Level 3.0 Throwing
 + Level 7.7 Armour
 * Level 7.5 Dodging
 + Level 1.6 Stealth
   Level 3.6 Shields


You had 9 spell levels left.
You didn't know any spells.
Your spell library was empty.

Dungeon Overview and Level Annotations

Branches:
Dungeon (8/15)             Temple (1/1) D:6
   Lair: D:8-11

Altars:
Ashenzari
Cheibriados
Dithmenos
Elyvilon
Fedhas
Gozag
Hepliaklqana
Kikubaaqudgha
Makhleb
Nemelex Xobeh
Okawaru
Ru
Sif Muna
Trog
Uskayaw
Vehumet
Wu Jian
Xom
Zin

Shops:
D:4 [

Annotations:
D:2 2 transporters, 1 runed translucent door, Crazy Yiuf


Innate Abilities, Weirdness & Mutations

You reflexively headbutt those who attack you in melee.
You have a pair of horns on your head.


Message History

The bullfrog hits you but does no damage.
The centaur shouts!
You hit the centaur.
The centaur is no longer distracted by gold.
The centaur is heavily wounded.
You slash the bullfrog! You block the centaur's attack.
The bullfrog misses you. You furiously retaliate!
You headbutt the bullfrog. The centaur completely misses you.
The bullfrog barely misses you. You furiously retaliate!
You headbutt the bullfrog!
You kill the bullfrog!
You slash the centaur!
You kill the centaur!
You start resting.
An orc wizard comes into view. It is wielding a +0 dagger.
You closely miss something.
An orc wizard comes into view. It is wielding a +0 dagger.
You closely miss something. You headbutt something!
The shadow strikes at you from the darkness!
You die...
Your body crumbles into a pile of gold.

#########
.........#
..........####
#..........#..
#..........#.#
#..........#$#
#.........@$(#
#........${###
#..........#
#..........#
#.....$$...#
#..........#
#########o##
#.o.#
########'#####


You could see 2 orc wizards.

Vanquished Creatures
  A manticore (D:11)
  A centaur skeleton (D:11)
  A troll (D:11)
  A shadow (D:11)
  Sigmund (D:2)
  A hungry ghost (D:7)
  2 water moccasins
  A porcupine (D:11)
  3 sky beasts
  2 black bears (D:11)
  A phantom (D:5)
  2 ogres
  2 centaurs
  A crocodile (D:11)
  3 bullfrogs
  6 scorpions
  4 killer bees (D:7)
  4 wights (D:6)
  A centaur zombie (D:8)
  3 crimson imps
  5 hounds
  3 jellies
  7 orc wizards
  8 orc priests
  Ijyb (D:3)
  Natasha (D:1)
  Terence (D:2)
  An iguana (D:7)
  5 worker ants
  Robin (D:3)
  7 adders
  4 gnolls (D:4)
  3 shadow imps
  An ooze (D:3)
  2 adder zombies
  A worm (D:3)
  6 dart slugs
  2 leopard geckos
  45 orcs
  8 bats
  8 giant cockroaches
  14 goblins
  3 hobgoblins
  6 jackals
  7 kobolds
  7 quokkas
  4 frilled lizards
  A jackal skeleton (D:7)
  A quokka zombie (D:6)
  4 rats
  2 fungi (D:11)
210 creatures vanquished.

Notes
Turn   | Place    | Note
-------+----------+-------------------------------------------
     0 | D:1      | hawla the Minotaur Fighter began the quest for the Orb.
     0 | D:1      | Reached XP level 1. HP: 19/19 MP: 0/0
   220 | D:1      | Reached XP level 2. HP: 27/27 MP: 1/1
   272 | D:1      | Reached skill level 1 in Dodging
   516 | D:1      | Reached XP level 3. HP: 33/33 MP: 2/2
   614 | D:2      | Noticed Natasha
   630 | D:1      | Killed Natasha
   630 | D:1      | Reached skill level 3 in Axes
  1080 | D:2      | Reached XP level 4. HP: 40/40 MP: 3/3
  1131 | D:2      | Noticed Terence
  1142 | D:2      | Killed Terence
  1142 | D:2      | Reached skill level 1 in Throwing
  1209 | D:2      | Noticed Sigmund
  1221 | D:2      | Killed Sigmund
  1221 | D:2      | Reached skill level 4 in Axes
  1221 | D:2      | Reached XP level 5. HP: 32/47 MP: 4/4
  1354 | D:2      | Found a faded altar of an unknown god.
  1430 | D:2      | Noticed a centaur
  1431 | D:2      | Found an ornate altar of the Wu Jian Council.
  1433 | D:2      | Found a transporter.
  1500 | D:2      | Found a runed translucent door.
  1501 | D:2      | Noticed Crazy Yiuf
  1538 | D:2      | Found a transporter.
  1692 | D:3      | Noticed Robin
  1705 | D:2      | Reached XP level 6. HP: 48/53 MP: 5/5
  1744 | D:3      | Noticed Ijyb
  1746 | D:3      | Reached skill level 5 in Axes
  1752 | D:3      | Killed Robin
  1758 | D:3      | Killed Ijyb
  1985 | D:3      | Reached skill level 5 in Armour
  2005 | D:3      | Reached skill level 6 in Axes
  2231 | D:3      | Found a burning altar of Makhleb.
  2273 | D:3      | Found a bloodstained altar of Trog.
  2790 | D:4      | Reached XP level 7. HP: 60/60 MP: 6/6
  2810 | D:4      | Reached skill level 5 in Fighting
  3062 | D:4      | Found a radiant altar of Vehumet.
  3096 | D:4      | Found Ywamej's Antique Armour Emporium.
  3457 | D:4      | Reached skill level 7 in Axes
  3457 | D:4      | Reached skill level 1 in Maces & Flails
  3543 | D:4      | Reached XP level 8. HP: 43/69 MP: 7/7
  3967 | D:5      | Entered Level 5 of the Dungeon
  4067 | D:5      | Found a shattered altar of Ashenzari.
  4070 | D:5      | Found an iron altar of Okawaru.
  4073 | D:5      | Found a sparkling altar of Nemelex Xobeh.
  4076 | D:5      | Found a hazy altar of Hepliaklqana.
  5008 | D:6      | Reached skill level 1 in Staves
  5008 | D:6      | Reached skill level 5 in Dodging
  5233 | D:6      | Found a staircase to the Ecumenical Temple.
  5279 | Temple   | Entered the Ecumenical Temple
  5379 | Temple   | Became a worshipper of Gozag Ym Sagoz the Greedy
  5976 | D:6      | Reached XP level 9. HP: 65/75 MP: 2/8
  6249 | D:7      | Reached skill level 1 in Stealth
  6945 | D:7      | Reached skill level 8 in Axes
  7012 | D:7      | Found a sacrificial altar of Ru.
  7358 | D:4      | Bought a fabulously ornate robe for 131 gold pieces
  7368 | D:4      | Identified the +3 robe of Fortification {rPois Slay+5} (You
                  | bought it in a shop on level 4 of the Dungeon)
  7454 | D:8      | Found a shimmering altar of Xom.
  7518 | D:8      | You fall into a shaft and drop 3 floors!
  7530 | D:11     | Reached skill level 9 in Axes
  7727 | D:11     | Noticed a troll
  7734 | D:11     | Killed a troll
  7734 | D:11     | Reached XP level 10. HP: 81/86 MP: 3/9
  7832 | D:11     | Noticed a manticore
  7839 | D:11     | Reached skill level 10 in Axes
  7846 | D:11     | Killed a manticore
  7858 | D:11     | Slain by a shadow

Illustrated notes

Levels and vault maps discovered:
D:1:      lightli_arrival_flooded_house, layout_loops_ring, hex_tiny,
          minmay_domino_2
D:2:      layout_rooms, gammafunk_temple_overflow_arena,
          chequers_ecumenical_altar_lobes, uniq_natasha, uniq_terence,
          uniq_sigmund, uniq_crazy_yiuf_cottage
D:3:      layout_rooms, nicolae_overflow_crystal_walls,
          makhleb_heckhound_becter, uniq_robin, uniq_ijyb
D:4:      kennysheep_big_flooded_room, layout_basic, kennysheep_little_box,
          first_ration, serial_shops, nicolae_shop_overgrown_old_shop
D:5:      layout_basic, grunt_temple_overflow_cloverleaf
D:6:      layout_gridville, minmay_temple_entry_enclosed_plants
D:7:      layout_basic, lemuel_crystal_altar
D:8:      layout_basic, grunt_temple_overflow_holy_war, grunt_qazlal_clouds,
          basic_altar, uniq_prince_ribbit1
D:11:     layout_roguey, grunt_lair_entry_orc_guard_hut
Temple:   minmay_temple_curvy_loop

Skill      XL: |  1  2  3  4  5  6  7  8  9 10 |
---------------+-------------------------------+-----
Fighting       | 4 5 6 7 |  7.5
Dodging        | 1 2 3 5 7 |  7.5
Armour         | 4 5 6 7 |  7.7
Axes           | 3 4 6 7 9 10 | 10.5
Throwing       | 1 2 3 |  3.0
Maces & Flails | 1 3 |  3.9
Staves         | 3 |  3.5
Stealth        | 1 |  1.6
Shields        | |  3.6

Action                   |  1- 3 |  4- 6 |  7- 9 | 10-12 || total
-------------------------+-------+-------+-------+-------++-------
Melee: War axe           |    69 |    95 |    34 |       ||   198
       Headbutt          |    10 |    19 |    53 |     6 ||    88
       Mace              |       |       |   113 |       ||   113
       Quarterstaff      |       |       |    76 |       ||    76
       Battleaxe         |       |       |   158 |    23 ||   181
Throw: Dart              |     6 |    10 |     9 |       ||    25
       Boomerang         |       |       |    13 |       ||    13
Evoke: Wand              |       |     1 |       |       ||     1
  Use: Scroll            |       |     7 |     9 |       ||    16
       Potion            |       |     2 |     8 |       ||    10
 Stab: Distracted        |       |       |     3 |       ||     3
  Eat: Chunk             |     1 |     5 |     9 |       ||    15
       Ration            |       |       |     4 |       ||     4
Armor: Scale mail        |     7 |       |       |       ||     7
       Plate armour      |    53 |    85 |   151 |    14 ||   303
       Skin              |       |     7 |    60 |       ||    67
       Leather armour    |       |       |    18 |       ||    18
       Robe              |       |       |     6 |       ||     6
Dodge: Dodged            |    36 |    47 |   182 |    23 ||   288
Block: Other             |       |    10 |    97 |     4 ||   111
       Reflection        |       |     1 |       |       ||     1
